[Event "Late-Titled-Tuesday-Blitz-February-27-2024"]
[Site "Chess.com"]
[Date "2024.02.27"]
[Round "8"]
[White "Sanan_Sjugirov"]
[Black "TigrVShlyape"]
[Result "1-0"]
[WhiteElo "2978"]
[BlackElo "2904"]
[TimeControl "180+1"]
[EndTime "15:27:05 PST"]
[Termination "Sanan_Sjugirov won on time"]

1. e4 e5 2. Nf3 Nc6 3. Bb5 Nf6 4. d3 d6 5. O-O Bd7 6. c4 g6 7. h3 Bg7 8. Nc3 O-O 9. Re1 Nd4 10. Bxd7 Nxf3+ 11. Qxf3 Nxd7 12. Be3 c6 13. Rad1 f5 14. exf5 gxf5 15.
d4 f4 16. Bc1 exd4 17. Ne4 Ne5 18. Qh5 c5 19. Ng5 h6 20. Ne6 Qd7 21. Nxf4 Rf5 22. Qh4 Raf8 23. b3 Qf7 24. Re4 Bf6 25. Qxh6 Bg5 26. Qxd6 Nxc4 27. bxc4 Bxf4 28. Bxf4 Rxf4 29. Re7 Qh5 30. Rd3 Rxf2 31. Rg3+ Kh8 32. Re6 Kh7 33.
Rgg6 1-0

[Event "Late-Titled-Tuesday-Blitz-February-27-2024"]
[Site "Chess.com"]
[Date "2024.02.27"]
[Round "8"]
[White "GoValya"]
[Black "Eloist"]
[Result "0-1"]
[WhiteElo "2248"]
[BlackElo "2443"]
[TimeControl "180+1"]
[EndTime "15:27:05 PST"]
[Termination "Eloist won on time"]

1. d4 e6 2. Nf3 Nf6 3. g3 b6 4.
Bg2 Bb7 5. c4 Be7 6. Nc3 O-O 7.
O-O Ne4 8. Qc2 Nxc3 9. bxc3 Nc6 10. e4 d6 11. Rb1 Na5 12. Qe2 Ba6 13. Nd2 e5 14. f4 c5 15. fxe5 dxe5 16. dxe5 Bg5 17. Rf5 g6 18. Rxg5 Qxg5 19. Nf3 Bxc4 20. Qf2 Qd8 21.
Bh6 Qd3 22. Re1 Rfd8 23. Nh4 f6 24. Qxf6 Qd7 25. e6 Bxe6 26. e5 Rf8 27. Bxf8 Rxf8 28.
Qg5 Nc4 29. Be4 Qd8 30. Qxd8 Rxd8 31. Kg2 Rd2+ 32. Kf3 Rxa2 33. Rd1 Nd2+ 34. Ke3 Nc4+ 35. Kf3 Nxe5+ 36. Kf4 Nd7 37. Nf3 Ra4 0-1

[Event "Late-Titled-Tuesday-Blitz-February-27-2024"]
[Site "Chess.com"]
[Date "2024.02.27"]
[Round "8"]
[White "Hrant_ChessMood"]
[Black "ckgchess"]
[Result "1-0"]
[WhiteElo "3014"]
[BlackElo "2887"]
[TimeControl "180+1"]
[EndTime "15:27:06 PST"]
[Termination "Hrant_ChessMood won on time"]

1. Nf3 g6 2. d4 Bg7 3. e4 d6 4.
Bc4 e6 5. O-O a6 6. a4 Nd7 7. c3 Ne7 8. Be3 h6 9. Qd2 g5 10. Bd3 Ng6 11. b4 b6 12. Na3 O-O 13. Nc4 f5 14. exf5 exf5 15. Qc2 Ne7 16. Rfe1 Nf6 17. b5 axb5 18. axb5 Rxa1 19. Rxa1 Bb7 20. Qd1 Ne4 21. Ra3 Nd5 22. Bxe4 fxe4 23. Nfd2 Qe8 24. Ra7 Qb8 25. Ra3 Qe8 26. Qb3 Kh8 27. Nf1 Qf7 28. Qb2 Nf4 29. Ncd2 Nd3 30. Qa2 Bd5 31. c4 Bb7 32. Ra7 Bc8 33. Nxe4 Bf5 34. Nxd6 Qe6 35. Nxf5 Qxf5 36. Rxc7 Nc1 37. Bxc1 Bxd4 38. Be3 1-0

[Event "Late-Titled-Tuesday-Blitz-February-27-2024"]
[Site "Chess.com"]
[Date "2024.02.27"]
[Round "8"]
[White "Ar4uha"]
[Black "QuintilianoR"]
[Result "1-0"]
[WhiteElo "2611"]
[BlackElo "2739"]
[TimeControl "180+1"]
[EndTime "15:27:06 PST"]
[Termination "Ar4uha won by resignation"]

1. e4 c5 2. Nf3 d6 3. Bb5+ Bd7 4. Bxd7+ Nxd7 5. O-O Ngf6 6. Qe2 e6 7. c3 Be7 8. d4 O-O 9. e5 Ne8 10. exd6 Nxd6 11.
dxc5 Nxc5 12. Bf4 Qb6 13. Na3 Rad8 14. Rfd1 Nf5 15. Ne5 Rxd1+ 16. Rxd1 Rd8 17. Rxd8+ Qxd8 18. Nac4 Nd7 19. g4 Nxe5 20. Nxe5 Nh4 21. Bg3 Ng6 22.
Qd3 Qxd3 23. Nxd3 f6 24. f4 Kf7 25. Bf2 a6 26. Kg2 Nf8 27. Kf3 Nd7 28. Bd4 g6 29. c4 Bd6 30. b4 Bc7 31. h3 h5 32. a4 hxg4+ 33. hxg4 g5 34. fxg5 fxg5 35. Ke4 Bd6 36. c5 Bg3 37. b5 axb5 38. axb5 Bh2 39. c6 bxc6 40. bxc6 Nb8 41. Be5 Nxc6 42. Bxh2 Ne7 43. Ne5+ Kf6 44. Bg1 Nd5 45. Bd4 Ke7 46. Nf3 Nb4 47.
Nxg5 Nc2 48. Nf3 Kf7 49. g5 Nb4 50. Ne5+ Kg8 51. g6 Nd5 52. Nf7 Ne7 53. Nh6+ Kf8 54.
g7+ Ke8 55. Bf6 1-0

[Event "Late-Titled-Tuesday-Blitz-February-27-2024"]
[Site "Chess.com"]
[Date "2024.02.27"]
[Round "8"]
[White "jinxy2009"]
[Black "kai_nov"]
[Result "0-1"]
[WhiteElo "2173"]
[BlackElo "2326"]
[TimeControl "180+1"]
[EndTime "15:27:06 PST"]
[Termination "kai_nov won on time"]

1. e4 c5 2. Nf3 Nc6 3. d4 cxd4 4. Nxd4 Nf6 5. Nc3 e5 6. Ndb5 d6 7. Bg5 a6 8. Na3 b5 9. Nd5 Be7 10.
Bxf6 Bxf6 11. c3 O-O 12. Nc2 Bg5 13. a4 bxa4 14. Rxa4 a5 15. Bc4 Rb8 16. b3 Kh8 17. O-O f5 18. exf5 Bxf5 19. Nce3 Be6 20. Qd3 Rb7 21. b4 axb4 22. Nxb4 Bd7 23. Nxc6 Bxc6 24.
Ra6 Bxe3 25. Qxe3 Qc7 26. Bd3 Rb2 27. Ra7 Bb7 28. Qh3 h6 29. Be4 Qc5 30. Rxb7 Rbxf2 0-1

[Event "Late-Titled-Tuesday-Blitz-February-27-2024"]
[Site "Chess.com"]
[Date "2024.02.27"]
[Round "8"]
[White "Orion2127989"]
[Black "Resignify"]
[Result "1-0"]
[WhiteElo "2140"]
[BlackElo "2219"]
[TimeControl "180+1"]
[EndTime "15:27:06 PST"]
[Termination "Orion2127989 won on time"]

1. d4 Nf6 2. Nf3 g6 3. Bg5 Bg7 4. Nbd2 h6 5. Bh4 d6 6. e4 c6 7.
Bd3 O-O 8. O-O b5 9. c3 Bb7 10. Re1 Na6 11. Qe2 Nc7 12. Rad1 Qd7 13. h3 Rfe8 14.
Bc2 a5 15. a3 Ba6 16. Bd3 Ne6 17. Qe3 g5 18. Bg3 Nh5 19. Nf1 Nhf4 20. Bb1 Rab8 21.
Bh2 Nh5 22. Ng3 Nxg3 23. Bxg3 b4 24. axb4 axb4 25. e5 d5 26. Nh2 bxc3 27. bxc3 Rb3 28.
Rc1 Reb8 29. f4 gxf4 30. Bxf4 Nxf4 31. Qxf4 c5 32. Ng4 cxd4 33. cxd4 Qb5 34. Bc2 h5 35. Nh6+ Bxh6 36. Qxh6 Rd3 37. Rb1 1-0

[Event "Late-Titled-Tuesday-Blitz-February-27-2024"]
[Site "Chess.com"]
[Date "2024.02.27"]
[Round "8"]
[White "noblerone"]
[Black "Mikhail_Golubev"]
[Result "0-1"]
[WhiteElo "2462"]
[BlackElo "2631"]
[TimeControl "180+1"]
[EndTime "15:27:08 PST"]
[Termination "Mikhail_Golubev won by resignation"]

1. d4 Nf6 2. Nf3 d6 3. Bg5 Nbd7 4. Nbd2 e5 5. e3 Be7 6. Bc4 e4 7. Ng1 d5 8. Bb3 h6 9. Bxf6 Nxf6 10. c4 c6 11. Ne2 O-O 12. O-O Bd6 13. Ng3 Ng4 14.
Re1 Qh4 15. Ndf1 dxc4 16. Bxc4 Kh8 17. h3 Nf6 18. Rc1 Rd8 19. Qc2 Rf8 20. a3 Bd7 21. Qb3 Bxh3 22. gxh3 Qxh3 23. Bxf7 Ng4 24. Re2 h5 25.
Qe6 h4 26. Qxd6 Rxf7 27. Qe6 hxg3 28. fxg3 Raf8 29. Rg2 Rxf1+ 30. Rxf1 Rxf1+ 31. Kxf1 Qh1+ 32. Rg1 Qf3+ 33. Ke1 Qxe3+ 34. Kd1 Qxg1+ 35. Kc2 Qg2+ 36. Kb3 Qxg3+ 37. Ka2 Qf3 38. Qe8+ Kh7 39. Qh5+ Nh6 40. Qe8 e3 0-1

[Event "Late-Titled-Tuesday-Blitz-February-27-2024"]
[Site "Chess.com"]
[Date "2024.02.27"]
[Round "8"]
[White "Korchmar_Vasiliy"]
[Black "TanitoluwaAps116"]
[Result "0-1"]
[WhiteElo "2710"]
[BlackElo "2901"]
[TimeControl "180+1"]
[EndTime "15:27:09 PST"]
[Termination "TanitoluwaAps116 won on time"]

1. e4 c5 2. d4 cxd4 3. Qxd4 Nc6 4. Qd3 Nf6 5. Nc3 g6 6. Nf3 d6 7. Be2 Bg7 8. O-O O-O 9. Nd5 Nxd5 10. exd5 Bf5 11. Qd1 Na5 12. c3 Rc8 13. Bg5 h6 14. Bh4 Qb6 15. Nd4 Bxd4 16. cxd4 Qxb2 17. g4 Be4 18. Bxe7 Rfe8 19. Bxd6 Bxd5 20. Be5 Nc6 21. Bf3 Bxf3 22. Qxf3 Nxe5 23. dxe5 Qxe5 24. Qxb7 Rc4 25. Qg2 h5 26. h3 hxg4 27. hxg4 Qd4 28. Rfe1 Rd8 29.
g5 Qh4 30. f3 Rcd4 31. Re2 Rd1+ 0-1

[Event "Late-Titled-Tuesday-Blitz-February-27-2024"]
[Site "Chess.com"]
[Date "2024.02.27"]
[Round "8"]
[White "Malev212"]
[Black "elchacal664"]
[Result "1-0"]
[WhiteElo "2635"]
[BlackElo "2424"]
[TimeControl "180+1"]
[EndTime "15:27:09 PST"]
[Termination "Malev212 won on time"]

1. e4 c5 2. Nf3 Nc6 3. d4 cxd4 4. Nxd4 g6 5. c4 Bg7 6. Be3 Nf6 7. Nc3 O-O 8. Be2 d6 9. O-O Bd7 10. Rc1 Nxd4 11.
Bxd4 Bc6 12. f3 a5 13. b3 Nd7 14. Be3 Nc5 15. Qd2 Qb6 16. Nb5 Rac8 17. Kh1 Rfd8 18. Rfd1 Be5 19. Bf1 e6 20. Qf2 Be8 21. a3 Bxb5 22. cxb5 Bb2 23. Rb1 Bxa3 24. Bg5 Nd7 25.
Qh4 d5 26. exd5 exd5 27. Bxd8 Qxd8 28. Qxd8+ Rxd8 29. Rxd5 Kf8 30. b6 Ke7 31. Re1+ Kf8 32. Bb5 Bb4 33. Red1 Nxb6 34. Rxd8+ Kg7 35. R8d7 Nxd7 36.
Rxd7 b6 37. Bc4 Bc5 38. Rxf7+ Kh6 39. f4 1-0

[Event "Late-Titled-Tuesday-Blitz-February-27-2024"]
[Site "Chess.com"]
[Date "2024.02.27"]
[Round "8"]
[White "Vasily85"]
[Black "sotochess"]
[Result "0-1"]
[WhiteElo "2501"]
[BlackElo "2655"]
[TimeControl "180+1"]
[EndTime "15:27:11 PST"]
[Termination "sotochess won on time"]

1. e4 d5 2. exd5 Qxd5 3. Nc3 Qa5 4. d4 Nf6 5. Nf3 c6 6. Bc4 Bg4 7. h3 Bh5 8. O-O Nbd7 9. Bd2 Qb6 10. Bb3 Bxf3 11. Qxf3 Qxd4 12. Rad1 e6 13. Bf4 Qb4 14. a3 Qa5 15. Bh2 Be7 16. Ne4 Nxe4 17. Qxe4 Nf6 18. Qe2 O-O 19. Rd4 Rad8 20. Be5 Rxd4 21. Bxd4 Rd8 22. Bc3 Qf5 23. Rd1 Nd5 24. Be5 Bf6 25.
Bg3 h5 26. c4 Nb6 27. Rxd8+ Bxd8 28. Bc2 Qg5 29. Qd1 g6 30. b3 Qe7 31. Be4 Qd7 32. Qe2 Bf6 33. a4 Kg7 34. a5 Nc8 35. Kh2 Nd6 36. Qd3 e5 37. f3 Qe7 38. Qe3 Nxe4 39. Qxe4 Qc7 40. Bf2 Qxa5 41. Qd3 Qc7 42. Bg3 h4 0-1

[Event "Late-Titled-Tuesday-Blitz-February-27-2024"]
[Site "Chess.com"]
[Date "2024.02.27"]
[Round "8"]
[White "ChadBiryani"]
[Black "rhungaski"]
[Result "0-1"]
[WhiteElo "2413"]
[BlackElo "2587"]
[TimeControl "180+1"]
[EndTime "15:27:12 PST"]
[Termination "rhungaski won on time"]

1. Nf3 Nf6 2. g3 g6 3. Bg2 Bg7 4. O-O O-O 5. c4 d6 6. Nc3 e5 7. b3 Re8 8. Bb2 e4 9. Ne1 h5 10. Nc2 h4 11. Ne3 c6 12. d3 d5 13. cxd5 cxd5 14. Nb5 a6 15. Nd4 Nbd7 16. dxe4 dxe4 17.
Rc1 hxg3 18. hxg3 Bh6 19. Nc4 Nf8 20. e3 Bg4 21. Qc2 N8h7 22. Ba3 Rc8 23. Qb2 Bf8 24.
Bxf8 Rxf8 25. Rc2 Ng5 26. Rd2 Qe7 27. Ne2 Nf3+ 28. Bxf3 Bxf3 29. Nf4 Rc5 30. Rd6 Rf5 31. Qd4 b5 32. Nd2 Kg7 33. Nxf3 exf3 34. g4 Rg5 35. Nh3 Rxg4+ 36. Qxg4 Nxg4 37. Rfd1 Qh4 0-1

[Event "Late-Titled-Tuesday-Blitz-February-27-2024"]
[Site "Chess.com"]
[Date "2024.02.27"]
[Round "8"]
[White "Genghis_K"]
[Black "Njal28"]
[Result "0-1"]
[WhiteElo "2941"]
[BlackElo "3044"]
[TimeControl "180+1"]
[EndTime "15:27:16 PST"]
[Termination "Njal28 won by resignation"]

1. e4 e5 2. Nf3 Nc6 3. d4 exd4 4. Nxd4 Nf6 5. Nxc6 bxc6 6. Bd3 d6 7. O-O g6 8. e5 dxe5 9. Qf3 Bg7 10. Qxc6+ Bd7 11. Qc5 Qe7 12. Be3 Qxc5 13. Bxc5 Bf8 14. Bxf8 Kxf8 15.
Re1 Re8 16. Nc3 Kg7 17. Rad1 Re7 18. f3 h5 19. Ne4 Nxe4 20. Bxe4 f5 21. Bd5 h4 22. Kf2 Kf6 23. b4 h3 24. g3 Rb8 25.
a3 Be6 26. c3 Rd7 27. Bxe6 Rxd1 28. Rxd1 Kxe6 29. f4 e4 30. Ke3 Rb6 31. c4 Ra6 32. Ra1 Rd6 33. Ra2 Rd3+ 34. Ke2 Rc3 35. c5 Kd5 36.
Kd2 Rd3+ 37. Ke2 Kc4 38. c6 Kb5 39. Ra1 Kxc6 40. Rc1+ Kb6 41. a4 Rb3 42. Rc4 Rb2+ 43. Ke3 Rxh2 44. b5 Rh1 45. Rc6+ Kb7 46. Rxg6 h2 0-1

[Event "Late-Titled-Tuesday-Blitz-February-27-2024"]
[Site "Chess.com"]
[Date "2024.02.27"]
[Round "8"]
[White "tandaleo"]
[Black "Laico"]
[Result "0-1"]
[WhiteElo "2491"]
[BlackElo "2395"]
[TimeControl "180+1"]
[EndTime "15:27:17 PST"]
[Termination "Laico won on time"]

1. d4 e6 2. Bf4 f5 3. Nf3 b6 4. d5 Bd6 5. Bxd6 cxd6 6. Nc3 Nf6 7. e3 O-O 8. Bc4 a6 9. Qd3 b5 10. Bb3 b4 11. Ne2 Ne4 12. O-O a5 13. dxe6 dxe6 14. Nf4 Nc5 15. Qd2 a4 16. Bc4 d5 17. Nxd5 Ne4 18. Qd1 Nd6 19. Be2 Nc6 20. Nd4 Nxd4 21. Qxd4 Rb8 22. Nxb4 Qe7 23. Nc6 Qc7 24. Nxb8 Qxb8 25.
Rfd1 Ne4 26. Qxa4 Bb7 27. Bf3 Ng5 28. Bxb7 Qxb7 29. Qb3 Qf7 30. Rd6 Ne4 31. Rxe6 Nc5 0-1

[Event "Late-Titled-Tuesday-Blitz-February-27-2024"]
[Site "Chess.com"]
[Date "2024.02.27"]
[Round "8"]
[White "NMJeevanK"]
[Black "chessdjw"]
[Result "0-1"]
[WhiteElo "2611"]
[BlackElo "2768"]
[TimeControl "180+1"]
[EndTime "15:27:18 PST"]
[Termination "chessdjw won on time"]

1. e4 e5 2. Nf3 Nc6 3. Bc4 Bc5 4. c3 Nf6 5. d4 exd4 6. e5 d5 7. exf6 dxc4 8. fxg7 Rg8 9. O-O d3 10. Re1+ Be6 11.
Ng5 Qf6 12. Nxe6 Bxf2+ 13. Kh1 Bxe1 14. Nf4 Bf2 15. Qf3 Bb6 16. Na3 O-O-O 17. Nxc4 Ne5 18.
Nxe5 Qxe5 19. Bd2 Qxg7 20. Nd5 Qg4 21. Ne7+ Kb8 22. Nxg8 Qxf3 23. gxf3 Rxg8 24. Re1 Kc8 25. h4 Rg3 26. f4 Rf3 27. Rd1 Kd7 28. c4 Ke6 29. b4 Bd4 30. Kg2 Rf2+ 31. Kg3 Kf5 32.
Be1 Rxa2 33. Rxd3 Ke4 34. Rb3 f5 35. Bc3 Bf2+ 36. Kh3 Be3 37. Bf6 Bxf4 0-1

[Event "Late-Titled-Tuesday-Blitz-February-27-2024"]
[Site "Chess.com"]
[Date "2024.02.27"]
[Round "8"]
[White "CURRUTACO59"]
[Black "Supelyel"]
[Result "0-1"]
[WhiteElo "2241"]
[BlackElo "2422"]
[TimeControl "180+1"]
[EndTime "15:27:19 PST"]
[Termination "Supelyel won on time"]

1. Nf3 d6 2. d4 Nd7 3. c4 Ngf6 4.
g3 e5 5. Nc3 Be7 6. Bg2 O-O 7.
O-O c6 8. e4 a6 9. a4 a5 10. h3 Re8 11. Be3 Bf8 12. Qc2 Qc7 13. Rad1 h6 14. Rfe1 b6 15. d5 cxd5 16. cxd5 Ba6 17.
Rc1 Rec8 18. Bf1 Bxf1 19. Rxf1 Nc5 20. Nd2 Qd7 21. Kg2 Rab8 22. f3 h5 23. Bxc5 Rxc5 24. Qd3 Rbc8 25. h4 g6 26. Nb3 Rc4 27. Nd2 Rd4 28.
Qe2 Bh6 29. Rc2 Rb4 30. Rb1 Rxa4 31. Qa6 Rb4 32. Rbc1 Kg7 33. Rd1 Rc7 34. Qa8 Qc8 0-1

[Event "Late-Titled-Tuesday-Blitz-February-27-2024"]
[Site "Chess.com"]
[Date "2024.02.27"]
[Round "8"]
[White "LyonBeast"]
[Black "Polish_fighter3000"]
[Result "0-1"]
[WhiteElo "3127"]
[BlackElo "3119"]
[TimeControl "180+1"]
[EndTime "15:27:20 PST"]
[Termination "Polish_fighter3000 won by resignation"]

1. e4 e5 2. Nf3 Nc6 3. Bb5 Nf6 4. d3 Bc5 5. c3 d5 6. Nbd2 dxe4 7. dxe4 O-O 8. O-O a5 9. Qc2 Qe7 10. a3 Nb8 11. b3 Bg4 12. Bb2 c6 13. Be2 Nbd7 14.
b4 Bb6 15. Nc4 Bc7 16. Ne3 Be6 17. Ng5 Rfd8 18. Nxe6 Qxe6 19. c4 Nf8 20. c5 Qe8 21. Nf5 g6 22. Ne3 Ne6 23. Nc4 Nd4 24. Bxd4 Rxd4 25.
f3 Nh5 26. g3 Ng7 27. Rfb1 Ne6 28. Kg2 Qe7 29. Qc3 h5 30. bxa5 Nxc5 31. h4 Rad8 32. Qb4 Bb8 33. Rd1 Ba7 34. Rxd4 exd4 35. Rd1 Qc7 36.
Bd3 Ne6 37. e5 Bc5 38. Qd2 Be7 39. Rb1 Nc5 40. f4 Qd7 41. Nb6 Qg4 42. Re1 Bxh4 0-1

[Event "Late-Titled-Tuesday-Blitz-February-27-2024"]
[Site "Chess.com"]
[Date "2024.02.27"]
[Round "8"]
[White "Jospem"]
[Black "Fonsofan"]
[Result "1-0"]
[WhiteElo "3065"]
[BlackElo "2759"]
[TimeControl "180+1"]
[EndTime "15:27:25 PST"]
[Termination "Jospem won on time"]

1. e4 d6 2. d4 Nf6 3. Bd3 e5 4. c3 d5 5. dxe5 Nxe4 6. Nf3 Nc6 7. O-O Nc5 8. Be2 Be7 9. Be3 Bg4 10. Nbd2 O-O 11. b4 Ne6 12. b5 Na5 13. Qa4 Bxf3 14. Nxf3 c6 15. Rfd1 Qc7 16. Rab1 Bc5 17. Nd4 Bxd4 18.
cxd4 cxb5 19. Rxb5 Nc4 20. Rc1 Rfd8 21. Bxc4 dxc4 22.
Rxc4 Qd7 23. Rb1 Qd5 24. h3 h6 25. Kh2 a6 26. Rb6 Rd7 27. Rcb4 Rad8 28. Qb3 Qxb3 29. Rxb3 Nxd4 30. Bxd4 Rxd4 31. Rxb7 Rf4 32. f3 Ra4 33. a3 Re8 34. Re3 g5 35. Kg3 Re6 36. Rb4 Ra5 37. f4 Kg7 38. Kg4 gxf4 39. Kxf4 Rg6 40.
g4 Re6 41. h4 Kg6 42. Rbe4 f6 43. h5+ Kf7 44. exf6 Rxe4+ 45. Kxe4 Kxf6 46. Kf4 Ra4+ 47. Kg3 Ra5 48. Rf3+ Kg5 49. Kh3 1-0

[Event "Late-Titled-Tuesday-Blitz-February-27-2024"]
[Site "Chess.com"]
[Date "2024.02.27"]
[Round "8"]
[White "Jahonas"]
[Black "Machidon"]
[Result "1-0"]
[WhiteElo "2377"]
[BlackElo "2474"]
[TimeControl "180+1"]
[EndTime "15:27:26 PST"]
[Termination "Jahonas won by resignation"]

1. d4 d5 2. c4 e6 3. Nf3 c6 4. Nc3 dxc4 5. a4 Nf6 6. Bg5 Bb4 7.
Bxf6 Qxf6 8. e4 b5 9. axb5 cxb5 10. Be2 Bb7 11. O-O Bxc3 12. e5 Qf4 13. bxc3 Nd7 14.
Qb1 a6 15. g3 Qe4 16. Qxe4 Bxe4 17. Nd2 Bc6 18. Ra5 Ke7 19. Rfa1 Bb7 20. Bf3 Rhb8 21. Bxb7 Rxb7 22. Rxa6 Rxa6 23. Rxa6 Nb6 24. Ne4 f5 25. Nd6 Rb8 26. Rxb6 Rxb6 27. Nc8+ Kd7 28. Nxb6+ Kc6 29.
Nxc4 bxc4 30. Kf1 Kd5 31. f3 g5 32. Ke2 Kc6 33. Ke3 Kd5 34. h3 h6 35. f4 g4 36.
hxg4 fxg4 37. f5 exf5 38. Kf4 Ke6 39. d5+ Kxd5 40. Kxf5 h5 41. e6 Kd6 42. Kf6 h4 43. e7 1-0

[Event "Late-Titled-Tuesday-Blitz-February-27-2024"]
[Site "Chess.com"]
[Date "2024.02.27"]
[Round "8"]
[White "lucasmito"]
[Black "secretsuperstar7"]
[Result "1-0"]
[WhiteElo "2821"]
[BlackElo "2512"]
[TimeControl "180+1"]
[EndTime "15:27:29 PST"]
[Termination "lucasmito won by resignation"]

1. e4 c5 2. Nf3 Nc6 3. Nc3 e5 4.
Bc4 d6 5. d3 Be7 6. Ng5 Nh6 7.
h4 O-O 8. Nd5 Na5 9. f3 Rb8 10.
a3 Nxc4 11. dxc4 Be6 12. Be3 Kh8 13. Qd2 Ng8 14. O-O-O Bxd5 15. Qxd5 Qe8 16. g4 b5 17. h5 h6 18. Nh3 b4 19. axb4 Rxb4 20. g5 Qb8 21. b3 a5 22. gxh6 gxh6 23. Qd2 a4 24.
Bxh6 axb3 25. Bxf8 b2+ 26. Kb1 Ra4 27. c3 Ra1+ 28. Kc2 b1=Q+ 29. Rxb1 Ra2+ 30. Kd3 Rxd2+ 31. Kxd2 Qxf8 32. Nf2 Qh6+ 33. Ke2 Qf4 34. Ng4 Nh6 35. Ne3 Bg5 36. Nd5 Qg3 37. Rbg1 Nf5 38. exf5 Qh4 39.
Rxh4 Bxh4 40. f6 1-0

[Event "Late-Titled-Tuesday-Blitz-February-27-2024"]
[Site "Chess.com"]
[Date "2024.02.27"]
[Round "8"]
[White "aghasiyevkamal"]
[Black "Adar_07"]
[Result "0-1"]
[WhiteElo "2628"]
[BlackElo "2794"]
[TimeControl "180+1"]
[EndTime "15:27:30 PST"]
[Termination "Adar_07 won on time"]

1. d4 Nf6 2. c4 e6 3. Nf3 b6 4. g3 Bb7 5. Bg2 Bb4+ 6. Bd2 a5 7. O-O O-O 8. a3 Bxd2 9. Nbxd2 d6 10. c5 Nbd7 11.
cxd6 cxd6 12. Qb3 Rc8 13. Rac1 Rxc1 14. Rxc1 Qb8 15. Nh4 Rc8 16. Rxc8+ Qxc8 17. Bxb7 Qxb7 18. Qc4 b5 19. Qc2 g5 20. Nhf3 g4 21. Ne1 Qd5 22. e3 e5 23. Nd3 exd4 24. Nf4 Qe5 25. Qc8+ Kg7 26. Nf1 Nb6 27. Qd8 Nc4 28. b3 dxe3 29.
bxc4 exf2+ 30. Kxf2 Qb2+ 31. Ne2 bxc4 32. Ne3 Ne4+ 33.
Kf1 Qb1+ 34. Kg2 Nf6 35. Qxd6 Qe4+ 36. Kf2 Qf3+ 37. Ke1 Qxe3 38. Qd4 Qxa3 39. Qxc4 Qd6 40.
Nf4 Qe5+ 41. Kf1 Ne4 0-1

[Event "Late-Titled-Tuesday-Blitz-February-27-2024"]
[Site "Chess.com"]
[Date "2024.02.27"]
[Round "8"]
[White "nihalsarin"]
[Black "Msb2"]
[Result "1/2-1/2"]
[WhiteElo "3194"]
[BlackElo "3037"]
[TimeControl "180+1"]
[EndTime "15:27:31 PST"]
[Termination "Game drawn - insufficient material"]

1. d4 d5 2. c4 e6 3. Nf3 Nf6 4. g3 Nc6 5. Bg2 Bd6 6. O-O O-O 7. Nbd2 a5 8. a3 a4 9. Qc2 Bd7 10. e4 dxe4 11. Nxe4 Nxe4 12. Qxe4 Na5 13. Ng5 f5 14. Qe2 Nb3 15. c5 Nxd4 16. Qh5 h6 17. cxd6 Bb5 18. dxc7 Qxc7 19. Be3 Ne2+ 20. Kh1 hxg5 21. Qxg5 Bc6 22.
f3 f4 23. gxf4 Nxf4 24. Bxf4 Qxf4 25. Qg3 Rad8 26. Rf2 Rd3 27. Kg1 Rf6 28. Re1 Qxg3 29. hxg3 Bxf3 30. Bf1 Rd4 31. Bh3 Bd5 32. Rxf6 gxf6 33.
Bxe6+ Bxe6 34. Rxe6 Rd1+ 35. Kf2 Rd2+ 36. Re2 Rd6 37.
Re4 Rd2+ 38. Re2 Rd6 39. Ke3 Rb6 40. Kd4 Kf7 41. g4 Rb3 42. Kc4 b5+ 43. Kc5 Kg6 44. Rf2 Kg5 45. Rf5+ Kxg4 46. Rxf6 Rxb2 47. Rb6 Rb3 48.
Rxb5 Rxa3 49. Kb4 Ra1 50. Ra5 a3 51. Rxa3 Rxa3 52. Kxa3 1/2-1/2

[Event "Late-Titled-Tuesday-Blitz-February-27-2024"]
[Site "Chess.com"]
[Date "2024.02.27"]
[Round "8"]
[White "pr1105"]
[Black "JaackCamel"]
[Result "0-1"]
[WhiteElo "2335"]
[BlackElo "2243"]
[TimeControl "180+1"]
[EndTime "15:27:31 PST"]
[Termination "JaackCamel won by checkmate"]

1. e4 e6 2. d4 d5 3. Nc3 Bb4 4. e5 Ne7 5. a3 Bxc3+ 6. bxc3 b6 7. Qg4 Ng6 8. h4 h5 9. Qg3 Ba6 10. Bxa6 Nxa6 11. Bg5 Qd7 12. Ne2 Nb8 13. Nf4 Nxf4 14.
Bxf4 g6 15. Bg5 Nc6 16. Bf6 Rh7 17. O-O Na5 18. Qg5 Nc4 19. f3 a5 20. g4 Qc6 21. Kg2 Kd7 22. Kg3 Re8 23. Qc1 Kc8 24. Rh1 Kd7 25. f4 hxg4 26. Kxg4 Rh5 27. Rg1 Rg8 28. Kf3 Qb5 29. a4 Qc6 30. Qe1 Nb2 31. Rg5 Nxa4 32. Ra3 Nb2 33. Ke2 Nc4 34. Ra1 Nb2 35. Qg3 Qb5+ 36. Ke1 Rxg5 37. Qxg5 Qc4 38. Kd2 Na4 39. Ra3 c5 40. Rxa4 Qxa4 41. dxc5 Qc4 42. h5 Rc8 43. hxg6 Qxc5 44. gxf7 Qxc3+ 45. Ke2 Qxc2+ 46. Kf3 Qd1+ 47. Kg3 Rc3+ 48. Kh4 Qh1+ 49.
Kg4 Qf3+ 50. Kh4 Qh3# 0-1

[Event "Late-Titled-Tuesday-Blitz-February-27-2024"]
[Site "Chess.com"]
[Date "2024.02.27"]
[Round "8"]
[White "ProChessWICTH"]
[Black "ChessSwole"]
[Result "1-0"]
[WhiteElo "2582"]
[BlackElo "2687"]
[TimeControl "180+1"]
[EndTime "15:27:32 PST"]
[Termination "ProChessWICTH won by checkmate"]

1. d4 d5 2. c4 e6 3. Nc3 Nf6 4. Bg5 Be7 5. e3 O-O 6. Nf3 h6 7.
Bf4 Nbd7 8. Be2 dxc4 9. Bxc4 c5 10. O-O b6 11. d5 exd5 12. Nxd5 Nxd5 13. Bxd5 Ba6 14.
Bxa8 Bxf1 15. Kxf1 Bf6 16. Bc6 Nb8 17. Qxd8 Rxd8 18.
Bxb8 Rxb8 19. Rb1 Rd8 20. Ke2 Kf8 21. b3 Rd6 22. Bb5 Bc3 23. Rd1 Rg6 24. g3 a6 25.
Bxa6 Re6 26. Bb5 g5 27. Rd8+ Kg7 28. Rd7 Kf6 29. Bc4 Re7 30. Rxe7 Kxe7 31. a4 f6 32. Nd2 f5 33. e4 Kf6 34. exf5 Kxf5 35. f3 h5 36. Nf1 Ke5 37. Kd3 Bd4 38. Ne3 h4 39. gxh4 gxh4 40. Nd5 h3 41. Nxb6 Bg1 42. f4+ Kd6 43.
Bd5 c4+ 44. Nxc4+ Kxd5 45. Ne3+ Ke6 46. Nf1 Kf5 47. b4 Kxf4 48. Ke2 Ke4 49. Nd2+ Kd5 50.
Nf3 Ba7 51. Kd3 Bb8 52. a5 Bc7 53. Kc3 Ke4 54. Ng5+ Kd5 55. Nxh3 Bxh2 56. Nf2 Kc6 57. Kc4 Kb7 58. Nd3 Bg1 59. b5 Ka7 60. Nb4 Bf2 61. Nd3 Bg1 62. Kd5 Kb7 63. Nc5+ Ka7 64. Kc6 Kb8 65. a6 Be3 66. b6 Bf2 67. Nd7+ Ka8 68. b7+ Ka7 69. b8=Q+ Kxa6 70. Qb5+ Ka7 71. Qb7# 1-0

[Event "Late-Titled-Tuesday-Blitz-February-27-2024"]
[Site "Chess.com"]
[Date "2024.02.27"]
[Round "8"]
[White "MrKGG1"]
[Black "rikchessmx"]
[Result "0-1"]
[WhiteElo "2573"]
[BlackElo "2277"]
[TimeControl "180+1"]
[EndTime "15:27:32 PST"]
[Termination "rikchessmx won on time"]

1. Nf3 Nf6 2. d4 e6 3. Bf4 Bd6 4. Bg5 h6 5. Bh4 g5 6. Bg3 Ne4 7. Be5 f6 8. Bxd6 cxd6 9. Nbd2 d5 10. h4 g4 11. Nxe4 gxf3 12. Ng3 fxg2 13. Bxg2 Nc6 14. c3 Qe7 15. Qd3 b6 16. e4 dxe4 17. Bxe4 d5 18. Bg6+ Kd8 19. O-O-O a5 20. Rhe1 Qd6 21.
Qe3 a4 22. Nh5 f5 23. Nf4 Rg8 24. Bf7 Rg4 25. Nxe6+ Bxe6 26. Qxe6 Qxe6 27. Bxe6 Ne7 28. Rg1 Rxh4 29. Bxd5 Ra7 30. Be6 Kc7 31. Rge1 Kd6 32.
Bc4 Nd5 33. Re5 Nf4 34. Rxf5 a3 35. b4 Rc7 36. Rf6+ Kd7 37. Rf7+ Kd6 38. Rxc7 Kxc7 39.
Kc2 Kc6 40. Kb3 b5 41. d5+ Kb6 42. Bf1 Rh5 43. d6 Ne6 44. d7 Nd8 45. Kxa3 Rf5 46.
Rd2 Rf3 47. Kb2 Kc7 48. Bg2 Rf6 49. Bf1 Rf5 50. Bxb5 Rxb5 51. Kb3 Rf5 52. c4 h5 53. c5 Rf3+ 54. Kc4 Rf4+ 55. Kb5 Nc6 56. Rd6 Rxb4+ 57. Ka6 Rb8 58. a4 Ra8+ 59. Kb5 Rb8+ 60. Kc4 Rd8 61. a5 Nxa5+ 62. Kb5 Nb7 63. Rd5 Rh8 64.
c6 Nd8 0-1